 Dungeon Crawl Stone Soup version 0.19-a0-328-g3707654 (webtiles) character file.

142 mistymad the Conjurer (level 5, 0/41 HPs)
             Began as a Draconian Conjurer on May 28, 2016.
             Killed from afar by an orc wizard (8 damage)
             ... with a magic dart
             ... on level 3 of the Dungeon.
             The game lasted 00:10:30 (3450 turns).

mistymad the Conjurer (Draconian Conjurer)          Turns: 3450, Time: 00:10:30

Health: 0/41       AC:  5    Str: 10    XL:     5   Next: 3%
Magic:  0/8        EV: 12    Int: 16    God:
Gold:   139        SH:  0    Dex: 12    Spells: 2 memorised, 6 levels left

rFire  . . .     SeeInvis .     (no weapon)
rCold  . . .     Gourm    .     (armour unavailable)
rNeg   . . .     Faith    .     (no shield)
rPois  .         Spirit   .     (helmet restricted)
rElec  .         Dismiss  .     (no cloak)
rCorr  .         Reflect  .     (no gloves)
SustAt .         Harm     .     (no boots)
MR     .....                    (no amulet)
Stlth  ++........               (no ring)
                                (no ring)

@: not resistant to hostile enchantments, unstealthy
A: unfitting armour, cold-blooded, AC +5
a: no special abilities


You were on level 3 of the Dungeon.
You were not hungry.

You visited 1 branch of the dungeon, and saw 4 of its levels.

You collected 139 gold pieces.

Inventory:

Scrolls
 d - a scroll of enchant weapon {unknown}
 f - 2 scrolls of identify {unknown}
 h - 2 scrolls of magic mapping {unknown}
 i - a scroll of teleportation {unknown}
 j - 2 scrolls of immolation {unknown}
 k - a scroll of recharging {unknown}
Potions
 e - 2 potions of heal wounds {unknown}
 g - a potion of flight {unknown}
 l - a potion of curing {unknown}
Books
 a - a book of Conjurations

   Spells                             Type                      Level
   a - Magic Dart                     Conjuration                  1
   b - Searing Ray                    Conjuration                  2
   c - Dazzling Spray                 Conjuration/Hexes            3
   d - Fulminant Prism                Conjuration/Hexes            4
   e - Iskenderun's Mystic Blast      Conjuration                  4
   f - Iskenderun's Battlesphere      Conjuration/Charms           5
Comestibles
 b - 4 bread rations
 c - 2 fruits


   Skills:
 + Level 2.1 Fighting
 + Level 2.5 Dodging
 + Level 2.8 Stealth
 + Level 2.5 Spellcasting
 + Level 4.7 Conjurations


You had 6 spell levels left.
You knew the following spells:

 Your Spells              Type           Power        Failure   Level  Hunger
a - Magic Dart            Conj           ###.         3%          1    #......
b - Searing Ray           Conj           ###...       6%          2    ##.....


Dungeon Overview and Level Annotations

Branches:
Dungeon (4/15)
 Temple: D:4-7

Altars:

Annotations:
D:3 wvc's ghost, amateur DsWn


Innate Abilities, Weirdness & Mutations

Your plain brown scales are hard (AC +5).
Your body does not fit into most forms of armour.
You are cold-blooded and may be slowed by cold attacks.


Message History

The orc wizard hits you but does no damage.
You now have 0/8 mp.
You closely miss the orc wizard. Wvc's ghost misses you.
The orc wizard hits you with a dagger.
You take 1 damage, and have 17/41 hp.
You closely miss the orc wizard. Wvc's ghost closely misses you.
The orc wizard barely misses you.
You hit the orc wizard but do no damage.
Wvc's ghost hits you!
* * * LOW HITPOINT WARNING * * *
The orc wizard completely misses you.
You take 9 damage, and have 8/41 hp.
MASSIVE DAMAGE!!
You barely miss the orc wizard.
Wvc's ghost hits you but does no damage.
The orc wizard closely misses you.
You barely miss the orc wizard.
Your tail-slap misses the orc wizard.
Wvc's ghost barely misses you. The orc wizard casts a spell at you.
The magic dart hits you!
You die...

#.#.##### ###### #.#.#....
#....##### #.#...... #....#...#
#.###.### ###....#...# #.#......
.(...(.#...# ######.#.#####
###....#...# #.............
..#....#...#########.####.#######
.......(.......W@o..............>
#.#....#...#.#######.############
#.#....#...#.# #.# . #....#####.#
#.# ###.#### #.# #.# ..รท....#
#.# #.# ###.##.# #.# #.# ...))# #
#.# ##'#### #####......(.#
#.....#


You could see an orc wizard and wvc's ghost.

Vanquished Creatures
  A worker ant (D:4)
  3 adders
  3 gnolls (D:2)
  An adder skeleton (D:4)
  2 dart slugs (D:1)
  3 giant geckos
  2 orcs (D:3)
  A giant cockroach (D:1)
  3 goblins
  4 hobgoblins
  5 jackals (D:1)
  A quokka (D:4)
  2 ball pythons
  8 bats
  5 giant newts
  4 kobolds
  9 rats
57 creatures vanquished.

Notes
Turn   | Place    | Note
--------------------------------------------------------------
     0 | D:1      | mistymad the Draconian Conjurer began the quest for the Orb.
     0 | D:1      | Reached XP level 1. HP: 14/14 MP: 3/3
   252 | D:1      | Reached XP level 2. HP: 20/22 MP: 0/5
   686 | D:1      | Learned a level 2 spell: Searing Ray
   960 | D:1      | Reached skill level 1 in Fighting
  1282 | D:1      | Reached XP level 3. HP: 28/28 MP: 3/6
  1503 | D:2      | Found a faded altar to an unknown god.
  1846 | D:2      | Reached XP level 4. HP: 21/35 MP: 0/7
  3042 | D:4      | Reached XP level 5. HP: 30/41 MP: 0/8
  3421 | D:3      | Noticed wvc's ghost (amateur DsWn)
  3450 | D:3      | Killed from afar by an orc wizard

Vault maps used:
D:1:      dpeg_arrival_orchard
D:2:      ecumenical_altar_2
D:4:      first_bread

Skill      XL: |  1  2  3  4 |
---------------+-------------+-----
Dodging        | 2 |  2.5
Stealth        | 2 |  2.8
Fighting       | 1 2 |  2.1
Spellcasting   | |  2.5
Conjurations   | |  4.7

Action                   |  1- 3 |  4- 6 || total
-------------------------+-------+-------++-------
Melee: Unarmed           |    89 |   112 ||   201
       Tailslap          |    12 |     5 ||    17
 Cast: Magic Dart        |    57 |    25 ||    82
       Searing Ray       |     2 |     7 ||     9
 Stab: Sleeping          |       |     2 ||     2
  Eat: Chunk             |     4 |     6 ||    10
Armor: Skin              |    32 |    27 ||    59
Dodge: Dodged            |    79 |    95 ||   174
